 Dungeon Crawl Stone Soup version 0.25-a0-1036-g6f112fb28d (webtiles) character file.

Game seed: 7277779908044409173, levelgen mode: deterministic

5663 Morbidden the Cudgeler (level 10, -9/79 HPs)
             Began as a Demonspawn Fighter on May 11, 2020.
             Was a Believer of Cheibriados.
             Killed from afar by Josephine (33 damage)
             ... with a ghostly fireball
             ... on level 10 of the Dungeon on May 13, 2020.
             The game lasted 00:12:44 (7490 turns).

Morbidden the Cudgeler (Demonspawn Fighter)         Turns: 7490, Time: 00:12:45

Health: -9/79      AC: 25    Str: 25    XL:     10   Next: 47%
Magic:  13/13      EV:  8    Int: 15    God:    Cheibriados [**....]
Gold:   202        SH: 16    Dex: 17    Spells: 11/11 levels left

rFire    . . .     SeeInvis +   x - +5 flail (venom)
rCold    . . .     Gourm    .   L - +0 tower shield
rNeg     . . .     Faith    .   J - +0 plate armour
rPois    .         Spirit   .   y - +0 helmet
rElec    .         Reflect  .   t - +1 cloak
rCorr    .         Harm     .   n - +0 pair of gloves
MR       .....                  (no boots)
Stlth    ..........             (no amulet)
HPRegen  0.23/turn              u - ring of see invisible
MPRegen  0.13/turn              b - +5 ring of protection

@: agile, slowed, heavily drained, very slow
A: claws 1, iridescent scales 2, powered by pain 2, rot immunity
a: Bend Time, Renounce Religion


You were on level 10 of the Dungeon.
You worshipped Cheibriados.
Cheibriados was pleased with you.
You were not hungry.

You visited 2 branches of the dungeon, and saw 10 of its levels.

You collected 418 gold pieces.
You spent 216 gold pieces at shops.

Inventory:

Hand Weapons
 a - a +0 long sword
 h - a +2 spear of venom
 x - a +5 flail of venom (weapon)
 H - a +3 great sword
Missiles
 Q - a throwing net (quivered)
Armour
 n - a +0 pair of gloves (worn)
 t - a +1 cloak (worn)
 y - a +0 helmet (worn)
 D - a +2 leather armour of cold resistance
 J - a +0 plate armour (worn)
 L - a +0 tower shield (worn)
Jewellery
 b - a +5 ring of protection (right hand)
 s - an uncursed ring of positive energy
 u - a ring of see invisible (left hand)
Wands
 o - a wand of disintegration (16)
 A - a wand of random effects (15)
 C - a wand of paralysis (14)
 G - a wand of flame (32)
 N - a wand of digging (1)
 O - a wand of iceblast (8)
Scrolls
 e - 6 scrolls of identify
 g - 5 scrolls of remove curse
 i - 3 scrolls of enchant armour
 j - 3 scrolls of amnesia
 l - 3 scrolls of immolation
 p - 4 scrolls of enchant weapon
 w - a scroll of fog {unknown}
 B - 3 scrolls of fear
 E - a scroll of teleportation
 K - a scroll of random uselessness {unknown}
 M - 2 scrolls of magic mapping
Potions
 c - a potion of degeneration {unknown}
 d - 3 potions of might
 k - a potion of lignification
 m - 7 potions of heal wounds
 q - 3 potions of stabbing {unknown}
 r - 3 potions of haste {unknown}
 v - 2 potions of magic
 z - 3 potions of curing
 F - 2 potions of flight {unknown}
 I - a potion of mutation {unknown}
Comestibles
 f - 14 rations


   Skills:
 * Level 7.1(5.2) Fighting
 + Level 1.7(0.1) Long Blades
 + Level 7.8(5.8) Maces & Flails
 + Level 3.6(1.9) Polearms
 + Level 5.9(4.0) Armour
 + Level 2.2(0.5) Dodging
 - Level 0.4(0.0) Stealth
 + Level 7.0(5.1) Shields
 * Level 1.2(0.0) Spellcasting
 * Level 5.3(3.4) Invocations


You had 11 spell levels left.
You didn't know any spells.
Your spell library was empty.

Dungeon Overview and Level Annotations

Branches:
Dungeon (10/15)            Temple (1/1) D:6            Lair (0/6) D:9
    Orc: D:9-12

Altars:
Cheibriados
Dithmenos
Elyvilon
Fedhas
Gozag
Hepliaklqana
Kikubaaqudgha
Makhleb
Nemelex Xobeh
Okawaru
Qazlal
Ru
Sif Muna
Trog
Uskayaw
Vehumet
Xom
Yredelemnul
Zin

Shops:
D:5 *   D:7 ![

Annotations:
D:10 Josephine


Innate Abilities, Weirdness & Mutations

You have sharp fingernails.
You are mostly covered in iridescent scales. (AC +4)
You sometimes gain power by taking damage.
You are immune to rotting.


Message History

You sock Josephine!
Josephine looks as sick as possible!
Josephine is moderately wounded.
You block Josephine's attack. The wraith hits you but does no damage.
Josephine points at you and mumbles some strange words.
The ghostly flame explodes!
The ghostly fireball engulfs you!!
You feel drained.
The ghostly fireball engulfs Josephine.
Josephine completely resists.
The ghostly fireball engulfs the wraith.
The wraith completely resists.
You block the wraith's attack.
You hear a shout!
Unknown command.
You block Josephine's attack. x2; Josephine hits you but does no damage.
The wraith hits you but does no damage. The wraith hits you.
The wraith drains your vigour!
You feel as though you will be slow longer.
Unknown command.
Josephine points at you and mumbles some strange words.
The ghostly flame explodes!
The ghostly fireball engulfs you!!
You feel drained.
You die...

#.........# #.#######.#
#.# #.# ########.#####
#.##### .............#
#.#...##
######.....#.###......#
##...##....W.....##
##.#######W..(...#
#......@.W#...#.#
#.#######@s..## #'#
#W...# ... #....#
#.#.## #.#.# #....
......


You could see Josephine (extremely poisoned), 2 wraiths and a scorpion.

Vanquished Creatures
  Erica (D:9)
  An unseen horror (D:9)
  Maggie (D:10)
  A merfolk (D:10)
  Grinder (D:5)
  A hippogriff (D:5)
  Sigmund (D:3)
  A hungry ghost (D:10)
  A sky beast (D:5)
  2 orc warriors
  5 ogres
  4 centaurs
  8 bullfrogs
  A gnoll sergeant (D:7)
  A scorpion (D:6)
  6 killer bees (D:9)
  4 wights (D:4)
  A howler monkey (D:7)
  3 crimson imps
  Crazy Yiuf (D:5)
  A hound (D:9)
  5 orc priests
  9 orc wizards
  An iguana (D:4)
  Ijyb (D:5)
  8 worker ants
  3 hound skeletons
  A worker ant zombie (D:6)
  11 gnolls
  13 adders
  3 shadow imps
  An ooze (D:3)
  2 adder skeletons (D:9)
  An adder zombie (D:5)
  4 worms
  9 leopard geckos
  34 orcs
  12 bats
  6 giant cockroaches
  6 goblins
  6 hobgoblins
  5 jackals
  4 quokkas
  A jackal zombie (D:6)
  9 kobolds
  A quokka skeleton (D:9)
  4 rats
206 creatures vanquished.

Notes
Turn   | Place    | Note
-------+----------+-------------------------------------------
     0 | D:1      | Morbidden the Demonspawn Fighter began the quest for the
                  | Orb.
     0 | D:1      | Reached XP level 1. HP: 18/18 MP: 1/1
   398 | D:1      | You fall into a shaft and drop 1 floor!
   419 | D:2      | Gained mutation: You have sharp fingernails. [demonic
                  | ancestry]
   419 | D:2      | Reached XP level 2. HP: 21/24 MP: 2/2
   763 | D:2      | Reached skill level 1 in Polearms
   763 | D:2      | Gained mutation: You sometimes gain a little power by
                  | taking damage. [demonic ancestry]
   763 | D:2      | Reached XP level 3. HP: 20/29 MP: 3/3
  1122 | D:2      | Reached XP level 4. HP: 34/35 MP: 4/4
  1921 | D:3      | Noticed an ogre
  1928 | D:3      | Killed an ogre
  1928 | D:3      | Reached skill level 1 in Maces & Flails
  1928 | D:3      | Reached XP level 5. HP: 31/42 MP: 5/5
  2097 | D:3      | Found a hazy altar of Hepliaklqana.
  2104 | D:3      | Noticed Sigmund
  2110 | D:3      | Killed Sigmund
  2110 | D:3      | Gained mutation: You are partially covered in iridescent
                  | scales. (AC +2) [demonic ancestry]
  2110 | D:3      | Reached XP level 6. HP: 48/48 MP: 6/6
  2229 | D:3      | You fall into a shaft and drop 2 floors!
  2229 | D:5      | Entered Level 5 of the Dungeon
  2378 | D:5      | Noticed a sky beast
  2387 | D:5      | Killed a sky beast
  2387 | D:5      | Gained mutation: You are immune to rotting. [demonic
                  | ancestry]
  2387 | D:5      | Reached XP level 7. HP: 45/54 MP: 7/7
  2439 | D:5      | Noticed Grinder
  2442 | D:5      | Reached skill level 1 in Dodging
  2450 | D:5      | Killed Grinder
  2549 | D:5      | Found a runed translucent door.
  2550 | D:5      | Noticed Crazy Yiuf
  2560 | D:5      | Killed Crazy Yiuf
  2722 | D:5      | Noticed a hippogriff
  2739 | D:5      | Killed a hippogriff
  2739 | D:5      | Gained mutation: You are mostly covered in iridescent
                  | scales. (AC +4) [demonic ancestry]
  2739 | D:5      | Reached XP level 8. HP: 39/61 MP: 8/8
  2960 | D:5      | Found Loabben's General Store.
  3005 | D:5      | Noticed Ijyb
  3013 | D:5      | Paralysed by Ijyb for 2 turns
  3015 | D:5      | Killed Ijyb
  3447 | D:4      | Reached skill level 5 in Maces & Flails
  3472 | D:4      | Reached skill level 5 in Shields
  3482 | D:4      | Reached skill level 5 in Fighting
  3861 | D:4      | Found an ancient bone altar of Kikubaaqudgha.
  4118 | D:3      | Reached skill level 5 in Armour
  4836 | D:6      | Reached XP level 9. HP: 52/68 MP: 9/9
  4950 | D:6      | Found a staircase to the Ecumenical Temple.
  4962 | Temple   | Entered the Ecumenical Temple
  4999 | Temple   | Became a worshipper of Cheibriados the Contemplative
  5322 | D:6      | Reached skill level 1 in Invocations
  5673 | D:7      | Found Bawni's Antique Armour Shop.
  5686 | D:7      | Bought a tower shield for 76 gold pieces
  5924 | D:7      | Found Ivunan's Distillery.
  5932 | D:7      | Reached * piety under Cheibriados
  5970 | D:7      | Bought a potion of heal wounds for 70 gold pieces
  5970 | D:7      | Bought a potion of heal wounds for 70 gold pieces
  6151 | D:7      | Upgraded the game from 0.25-a0-1002-gbcf8c60d55 to
                  | 0.25-a0-1036-g6f112fb28d
  6227 | D:7      | You fall into a shaft and drop 2 floors!
  6231 | D:9      | Found a shimmering blue altar of Sif Muna.
  6241 | D:9      | Noticed Erica
  6267 | D:9      | Killed Erica
  6267 | D:9      | Reached ** piety under Cheibriados
  6267 | D:9      | Gained mutation: You sometimes gain power by taking damage.
                  | [demonic ancestry]
  6267 | D:9      | Reached XP level 10. HP: 43/77 MP: 11/13
  6520 | D:9      | Found a staircase to the Lair.
  6548 | D:9      | Found an opulent altar of Gozag.
  6643 | D:9      | Noticed an unseen horror
  6661 | D:9      | Killed an unseen horror
  7194 | D:10     | Entered Level 10 of the Dungeon
  7226 | D:10     | Noticed Maggie
  7234 | D:10     | Killed Maggie
  7234 | D:10     | Reached skill level 5 in Invocations
  7308 | D:10     | Reached skill level 1 in Spellcasting
  7482 | D:10     | Noticed Josephine
  7490 | D:10     | Killed from afar by Josephine

Illustrated notes

Levels and vault maps discovered:
D:1:      heliophobic_arrival_dark_side_of_the_moon, layout_basic,
          kennysheep_crisscross, minmay_misc_feat_rugged, interstate_on_off
D:2:      layout_loops_ring
D:3:      layout_loops_ring, nicolae_overflow_crystal_walls, first_ration,
          uniq_sigmund
D:4:      layout_loops_ring, kennysheep_mini_moat, feat_on_display
D:5:      layout_rooms, serial_shops, nicolae_shop_window_shopping, uniq_ijyb,
          uniq_crazy_yiuf_cottage, uniq_grinder
D:6:      layout_cave_pods, minmay_temple_entry_sparse_star
D:7:      layout_loops_ring, basic_altar, serial_shops, shop_statue,
          nicolae_shop_stone, shop
D:9:      kennysheep_big_flooded_room, layout_rooms,
          nicolae_overflow_hidden_temple,
          nicolae_gozag_cash_rules_everything_around_me, uniq_erica
D:10:     layout_loops_corners, hangedman_fish_farm, uniq_sonja, uniq_maggie,
          uniq_josephine
Temple:   eino_wide_crystal_templ

Skill      XL: |  1  2  3  4  5  6  7  8  9 10 |
---------------+-------------------------------+-----
Shields        | 3 4 5 6 7 |  7.0
Polearms       | 1 2 3 |  3.6
Armour         | 3 4 5 |  5.9
Maces & Flails | 1 2 4 5 7 |  7.8
Fighting       | 4 5 6 7 |  7.1
Dodging        | 1 2 |  2.2
Invocations    | 4 5 |  5.3
Spellcasting   | 1 |  1.2
Long Blades    | |  1.7
Stealth        | |  0.4

Action                   |  1- 3 |  4- 6 |  7- 9 | 10-12 || total
-------------------------+-------+-------+-------+-------++-------
Melee: Spear             |    77 |    23 |       |       ||   100
       Flail             |       |    74 |   376 |   108 ||   558
  Use: Scroll            |       |       |    11 |       ||    11
  Eat: Chunk             |     1 |     4 |    13 |     4 ||    22
Armor: Scale mail        |    18 |    40 |    21 |       ||    79
       Chain mail        |       |       |   101 |       ||   101
       Plate armour      |       |       |   166 |    48 ||   214
Dodge: Dodged            |    22 |    28 |    81 |    12 ||   143
Block: Kite shield       |    17 |    51 |   172 |       ||   240
       Tower shield      |       |       |   102 |   100 ||   202

Table legend:
 A = Non-vault XP
 B = Vault XP
 C = Vault XP percentage of total XP
 D = Non-vault monster count
 E = Vault monster count
 F = Vault count percentage of total count
                 A         B        C        D         E       F
            +---------+---------+-------+---------+---------+-------
      Total |    5041 |    3049 |  37.7 |     197 |       9 |   4.4
            +---------+---------+-------+---------+---------+-------
        D:1 |      24 |       0 |   0.0 |      15 |       0 |   0.0
        D:2 |     139 |       0 |   0.0 |      26 |       0 |   0.0
        D:3 |     373 |     220 |  37.1 |      34 |       1 |   2.9
        D:4 |     696 |       0 |   0.0 |      26 |       0 |   0.0
        D:5 |     792 |     349 |  30.6 |      14 |       3 |  17.6
        D:6 |     973 |       0 |   0.0 |      30 |       0 |   0.0
        D:7 |     880 |       0 |   0.0 |      27 |       0 |   0.0
        D:9 |     750 |    1794 |  70.5 |      21 |       3 |  12.5
       D:10 |     414 |     686 |  62.4 |       4 |       2 |  33.3
            +---------+---------+-------+---------+---------+-------
